AoeStats
← $MOKECHEDDATHAA$$GETTA

Arabia

508848759Analyzed
1v1 RM · 8d ago on Sep 24, 2026· 57m 8s· 2 players
Game mode
Random Map
Map size
Tiny (2 player)
Population
200
Speed
Normal
Resources
Standard
Victory
Conquest
Starting age
Dark Age
Ending age
Imperial Age
RankedLock teamsTeams togetherTeam positionsShared explorationLock speedFull tech treeHidden civsTurbo modeCheats
Victory
Defeat
🇷🇴 Saracens · Romania
898
+17
🇩🇪 Persians · Germany
918
-17
trsmarius
10:28 Feudal Age
8:45 Loom
11:15 Double-Bit Axe
12:03 Town Watch
13:54 Horse Collar
21:04 Castle Age
21:23 Wheelbarrow
20:47 Gold Mining
21:22 Bloodlines
21:33 Forging
21:44 Scale Barding Armor
21:59 Stone Mining
28:32 Iron Casting
30:05 Hand Cart
30:05 Heavy Plow
30:45 Bow Saw
41:52 Chain Barding Armor
49:49 Imperial Age
51:52 Chemistry
52:56 Plate Barding Armor
53:22 Blast Furnace
52:51 Husbandry
54:12 Ballistics
$MOKECHEDDATHAA$$GETTA
7:52 Loom
11:17 Feudal Age
15:19 Castle Age
13:36 Double-Bit Axe
13:39 Horse Collar
14:53 Forging
15:38 Bloodlines
22:01 Wheelbarrow
23:55 Scale Barding Armor
24:31 Bow Saw
25:00 Heavy Plow
25:46 Husbandry
26:13 Fletching
26:24 Padded Archer Armor
27:04 Bodkin Arrow
27:27 Thumb Ring
26:43 Crossbowman
28:23 Leather Archer Armor
28:45 Hand Cart
28:24 Stone Mining
29:48 Stone Shaft Mining
29:05 Gold Mining
30:37 Ballistics
31:33 Gold Shaft Mining
32:10 Kamandaran
34:27 Iron Casting
34:13 Chain Barding Armor
38:12 Masonry
38:42 Squires
38:05 Light Cavalry
41:24 Imperial Age
40:45 Murder Holes
42:02 Conscription
42:14 Conscription
42:32 Ring Archer Armor
43:03 Blast Furnace
42:40 Plate Barding Armor
43:09 Chemistry
42:40 Architecture
43:18 Hussar
45:23 Cavalier
50:12 Two-Man Saw
51:07 Savar
Connection lost

Rejoining the realm…

Still unreachable

The connection could not be restored.

Session expired

The server has moved on; the page needs a fresh start.